 Dungeon Crawl Stone Soup version 0.31-a0-1071-gaead2f62b1 (webtiles) character file.

Game seed: 17412606314289174368

10432 Jeffwins the Placeless Cat (level 11, -8/48 HPs)
             Began as a Felid Shapeshifter on Nov 26, 2023.
             Was an Initiate of Gozag.
             Mangled by a cyclops (33 damage)
             ... on level 11 of the Dungeon.
             The game lasted 00:32:49 (12604 turns).

Jeffwins the Placeless Cat (Felid Shapeshifter)    Turns: 12604, Time: 00:32:49

Health: -8/48      AC:  2    Str: 10    XL:     11   Next: 36%
Magic:  18/18      EV: 21    Int: 16    God:    Gozag
Gold:   944        SH:  0    Dex: 16    Spells: 9/19 levels left
                                        Lives:  0   Deaths: 4

rFire   + .          .
                       - Unarmed
rCold   . . .        (shield unavailable)
rNeg    . . .        (body armour unavailable)
rPois   +            (helmet unavailable)
rElec   .            (cloak unavailable)
rCorr   .            (gloves unavailable)
SInv    +            (boots unavailable)
Will    +....        (no amulet)
Stlth   ++           P - ring of poison resistance
HPRegen 0.28/turn    f - ring of protection from fire
MPRegen 0.16/turn

%: no passive effects
@: flux-form, glowing, quick
A: glow, contaminating, very small, claws 1, fangs 3, see invisible, speed 1,
shaggy fur 2, stealthy paws, no weapons or thrown items, no armour, multi-lived
a: Begin Untransformation, Renounce Religion, Potion Petition, Call Merchant,
Bribe Branch


You were on level 11 of the Dungeon.
You worshipped Gozag.
Gozag was pleased with you.
You were something dangerously unstable.
You visited 2 branches of the dungeon, and saw 12 of its levels.
You also visited: Ossuary.

You collected 1166 gold pieces.
You paid 222 gold pieces to Gozag.


Innate Abilities, Weirdness & Mutations

You are something dangerously unstable.
You glow with magical radiation, making you easy to see and hit.
Foes you strike become dangerously contaminated with magical radiation.
You have sharp claws.
You have razor-sharp teeth.
You have supernaturally acute eyesight. (SInv)
You cover ground quickly. (Speed+)
You are covered in thick fur. (AC +2)
Your paws help you pounce on unaware monsters.
You are incapable of wielding weapons or throwing items.
You cannot wear armour.
You gain extra lives every three experience levels.


   Skills:
 + Level 5.4 Fighting
 + Level 7.5 Dodging
 + Level 7.4 Stealth
 * Level 8.1 Unarmed Combat
 + Level 4.6 Spellcasting
 * Level 6.7 Summonings
 * Level 9.6 Translocations
 + Level 2.3 Evocations
 * Level 8.3 Shapeshifting


You had 9 spell levels left.
You knew the following spells:

 Your Spells              Type           Power      Damage    Failure   Level
f - Summon Forest         Summ/Tloc      14%        N/A       16%         5
l - Lesser Beckoning      Tloc           68%        N/A       1%          2
t - Teleport Other        Tloc           34%        N/A       1%          3

Your spell library contained the following spells:

 Spells                   Type           Power      Damage    Failure   Level
 Gell's Gravitas          Tloc           34%        N/A       1%          3
 Summon Guardian Golem    Hex/Summ       14%        N/A       12%         3
 Summon Ice Beast         Ice/Summ       14%        N/A       36%         4
 Frozen Ramparts          Ice            6%         1d1       43%         3
 Hailstorm                Conj/Ice       3%         3d3       43%         3
 Petrify                  Tmut/Erth      3%         N/A       85%         4
 Metabolic Englaciation   Hex/Ice        1%         N/A       99%         5
 Eringya's Noxious Bog    Tmut/Pois      1%         4d6       100%        6
 Orb of Destruction       Conj           1%         9d5       100%        7
 Spellforged Servitor     Conj/Summ      7%         N/A       100%        7
 Summon Hydra             Summ           12%        N/A       100%        7
 Simulacrum               Ice/Necr       Unusable   N/A       N/A         6

Inventory:

Missiles
 x - 27 poisoned darts
 A - 3 curare-tipped darts {=f}
Jewellery
 f - a ring of protection from fire (right paw)
 C - a ring of ice
 D - a ring of protection from fire
 F - a ring of fire
 N - a ring of positive energy
 P - a ring of poison resistance (left paw)
 W - a ring of magical power
Talismans
 b - a beast talisman
 c - a flux talisman (active)
Wands
 B - a wand of flame (11) (quivered)
 E - a wand of roots (9)
Scrolls
 d - 2 scrolls of amnesia
 e - 3 scrolls of poison
 g - a scroll of blinking {unknown}
 i - 2 scrolls of fog
 l - 2 scrolls of fear
 m - 3 scrolls of silence {!r}
 q - 3 scrolls of teleportation {unknown}
 s - a scroll of revelation {unknown}
 t - 2 scrolls of noise {unknown}
 v - a scroll of enchant weapon {unknown}
 w - 3 scrolls of identify {@r1}
 y - 2 scrolls of torment {unknown}
Potions
 a - 4 potions of mutation {unknown}
 h - 2 potions of berserk rage {unknown}
 j - 7 potions of enlightenment {unknown}
 k - 2 potions of haste {@q3}
 n - 2 potions of resistance {unknown}
 o - a potion of invisibility {unknown}
 p - 7 potions of curing {unknown}
 r - 5 potions of attraction {unknown}
 u - 3 potions of heal wounds {unknown}
 z - 2 potions of brilliance {unknown}
 G - a potion of lignification {!q}
 H - a potion of might {unknown}

Dungeon Overview and Level Annotations

Branches:
Dungeon (11/15)            Temple (1/1) D:6            Lair (0/5) D:10
    Orc (0/2) D:11        Ossuary (visited)

Altars:
Ashenzari
Cheibriados
Dithmenos
Elyvilon
Fedhas
Gozag
Hepliaklqana
Kikubaaqudgha
Makhleb
Nemelex Xobeh
Okawaru
Qazlal
Ru
Sif Muna
Trog
Uskayaw
Vehumet
Wu Jian
Xom
Yredelemnul
Zin
The Shining One

.####.######.######### #.#)#
### .....................#
#.#.....#
...##..)...........#.#
#.#.#.#.# ..
###...#.#)#.#..#.###.#.....#
. ♣#...................#.#.#
##.#.#.#.#..............#
##..........#.####....###
#..#.#.#.#..#.# ######
#........p..#.#
#..#.#.#.#C...#
#..........#..#
#.##########..# #.. # ####


You could see a cyclops (contam).


Message History

The manticore misses you.
The manticore claws you but does no damage.
The manticore claws you.
* * * LOW HITPOINT WARNING * * *
You scratch the manticore.
The manticore shudders as magic cascades through it!
You kill the manticore!
Unknown command.
You now have 944 gold pieces (gained 13).
Unknown command.
Space becomes stable.
A cyclops is nearby!
Unknown command.
A cyclops is nearby!
The cyclops shouts!
The cyclops throws a large rock.
The large rock misses you. The cyclops hits you!!
* * * LOW HITPOINT WARNING * * *
You are too injured to fight recklessly!
You are too injured to fight recklessly!
You are too injured to fight recklessly!
Unknown command.
You barely miss the cyclops.
Unknown command.
You scratch the cyclops.
The cyclops begins to glow.
The cyclops is lightly wounded.
The cyclops hits you!!
Ouch! That really hurt!
You die...
Your body crumbles into a pile of gold.

Skill      XL: |  1  2  3  4  5  6  7  8  9 10 11 |
---------------+----------------------------------+-----
Dodging        | 3 4 5 6 7 |  7.5
Stealth        | 1 2 3 4 5 6 7 |  7.4
Shapeshifting  | 4 5 6 7 8 |  8.3
Fighting       | 2 3 4 5 |  5.4
Unarmed Combat | 4 5 6 7 8 |  8.1
Spellcasting   | 1 2 3 4 |  4.6
Translocations | 1 3 5 7 8 9 |  9.6
Summonings     | 1 2 3 5 6 |  6.7
Evocations     | 1 2 |  2.3

Action                     |  1- 3 |  4- 6 |  7- 9 | 10-12 || total
---------------------------+-------+-------+-------+-------++-------
  Melee: Unarmed           |    63 |   157 |   463 |   317 ||  1000
         Bite              |     4 |    19 |    60 |    52 ||   135
         Punch             |     3 |     5 |     3 |       ||    11
   Cast: Lesser Beckoning  |       |       |     2 |       ||     2
         Teleport Other    |       |       |     1 |     3 ||     4
         Summon Forest     |       |       |       |     7 ||     7
  Evoke: Wand              |       |       |       |     5 ||     5
    Use: Scroll            |       |       |     8 |       ||     8
         Potion            |       |       |     1 |     2 ||     3
   Stab: Sleeping          |     2 |     5 |     7 |     1 ||    15
         Distracted        |       |       |     1 |     1 ||     2
 Armour: Skin              |    18 |    39 |   162 |   117 ||   336
  Dodge: Dodged            |    38 |   108 |   319 |   243 ||   708
   Form: Flux              |       |       |     1 |       ||     1

Levels and vault maps discovered:
D:1:      amcnicky_arrival_wind_blow, layout_rooms, serial_glass,
          glass_columns_a, glass_columns_a
D:2:      wander_river, layout_basic, hellmonk_ecumenical_altar_run_dry
D:3:      layout_basic, minmay_lizard_king, uniq_robin, uniq_sigmund
D:4:      layout_basic
D:5:      black_bear_nest_1, layout_cave_pools
D:6:      layout_basic, grunt_temple_overflow_holy_war,
          minmay_temple_entry_waves, uniq_duvessa
D:7:      layout_cave_pods, serial_undead, serial_undead_e, serial_undead_e,
          serial_undead_c, serial_undead_a
D:8:      erik_cavepeople, layout_basic, mainiacjoe_overflow_swirl,
          nicolae_ossuary_entry_plus, uniq_psyche
D:9:      layout_roguey, grunt_temple_overflow_open, general_overflow_altar,
          mainiacjoe_overflow_chevrons
D:10:     layout_roguey, dpeg_lair_monsters, serial_library_hellmonk_h_bend,
          uniq_urug
D:11:     layout_loops_ring, kennysheep_orc_monster_closet_entryway,
          serial_glass, glass_columns_a, glass_columns_c, kennysheep_boxes
Temple:   dshaligram_water_room_temple

Notes
Turn   | Place    | Note
-------+----------+-------------------------------------------
     0 | D:1      | Jeffwins the Felid Shapeshifter began the quest for the
                  | Orb.
     0 | D:1      | Reached XP level 1. HP: 9/9 MP: 2/2
   125 | D:1      | Reached XP level 2. HP: 12/12 MP: 3/3
   670 | D:2      | Reached skill level 3 in Dodging
   697 | D:2      | Reached skill level 1 in Stealth
   801 | D:2      | Reached XP level 3. HP: 11/15 MP: 4/4
  1045 | D:2      | Reached XP level 4. HP: 16/19 MP: 5/5
  1355 | D:2      | Found a faded altar of an unknown god.
  1480 | D:3      | Identified the +2 chain mail of Fistreaxt {rC+ Will+ Int+2}
  1551 | D:3      | Reached skill level 4 in Shapeshifting
  1669 | D:3      | Noticed Sigmund
  1680 | D:3      | Killed Sigmund
  1681 | D:3      | Reached skill level 2 in Fighting
  1681 | D:3      | Reached skill level 2 in Stealth
  1681 | D:3      | Reached skill level 4 in Unarmed Combat
  1681 | D:3      | Reached skill level 1 in Spellcasting
  1681 | D:3      | Reached XP level 5. HP: 9/22 MP: 6/8
  1809 | D:3      | Gained mutation: You are covered in thick fur. (AC +2)
                  | [Felid growth]
  1809 | D:3      | Reached XP level 6. HP: 14/26 MP: 9/9
  1940 | D:3      | Noticed Robin
  1985 | D:3      | Killed Robin
  2575 | D:4      | Reached skill level 4 in Dodging
  2652 | D:4      | Learned a level 5 spell: Summon Forest
  2671 | D:4      | Reached skill level 3 in Stealth
  2767 | D:4      | Reached skill level 1 in Translocations
  2768 | D:4      | Slain by a wight
  2941 | D:3      | Reached skill level 1 in Summonings
  2941 | D:3      | Reached XP level 7. HP: 16/30 MP: 10/10
  3069 | D:4      | Reached skill level 2 in Translocations
  3069 | D:4      | Reached skill level 5 in Shapeshifting
  3371 | D:5      | Entered Level 5 of the Dungeon
  3553 | D:4      | Reached skill level 2 in Spellcasting
  4148 | D:5      | Reached skill level 3 in Fighting
  4148 | D:5      | Reached skill level 5 in Unarmed Combat
  4148 | D:5      | Reached skill level 2 in Summonings
  4148 | D:5      | Reached skill level 3 in Translocations
  4301 | D:5      | Reached skill level 4 in Stealth
  4373 | D:5      | Reached XP level 8. HP: 29/34 MP: 12/12
  4973 | D:6      | Noticed Dowan
  4992 | D:6      | Noticed Duvessa
  5006 | D:6      | Killed Duvessa
  5007 | D:6      | Reached skill level 5 in Dodging
  5018 | D:6      | Killed Dowan
  5019 | D:6      | Reached skill level 4 in Translocations
  5219 | D:6      | Reached skill level 3 in Summonings
  5307 | D:6      | Found a staircase to the Ecumenical Temple.
  5346 | Temple   | Entered the Ecumenical Temple
  5549 | D:6      | Found a glowing golden altar of the Shining One.
  5552 | D:6      | Noticed an angel
  5557 | D:6      | Found a basalt altar of Yredelemnul.
  5559 | D:6      | Noticed a profane servitor
  5811 | D:6      | HP: 1/30 [ice beast (12)]
  6131 | D:7      | Reached skill level 6 in Shapeshifting
  6343 | D:7      | HP: 2/28 [wight/+2 spear (11)]
  6345 | D:7      | Reached skill level 5 in Translocations
  6755 | D:7      | Reached skill level 5 in Stealth
  6852 | D:7      | Reached XP level 9. HP: 12/39 MP: 14/14
  7004 | D:7      | Learned a level 2 spell: Lesser Beckoning
  7008 | D:7      | Learned a level 3 spell: Teleport Other
  7042 | D:7      | Reached skill level 6 in Unarmed Combat
  7042 | D:7      | Reached skill level 3 in Spellcasting
  7434 | D:7      | Reached skill level 4 in Summonings
  7618 | D:8      | Reached skill level 4 in Fighting
  7728 | D:8      | Found a sand-covered staircase.
  7734 | Ossuary  | Entered an ossuary
  7814 | Ossuary  | Reached skill level 6 in Translocations
  8174 | D:8      | Reached skill level 6 in Dodging
  8321 | D:8      | Noticed Psyche
  8329 | D:8      | Killed Psyche
  8355 | D:8      | Noticed Jessica
  8365 | D:8      | Reached skill level 6 in Stealth
  8376 | D:8      | Reached skill level 7 in Translocations
  8381 | D:8      | Reached skill level 7 in Shapeshifting
  8408 | D:8      | Reached skill level 5 in Summonings
  8408 | D:8      | Reached XP level 10. HP: 21/43 MP: 16/16
  8529 | D:8      | Killed Jessica
  8551 | D:8      | Reached skill level 7 in Unarmed Combat
  8607 | D:8      | HP: 2/43 [yak (6)]
  8609 | D:8      | Slain by a yak
  8695 | D:8      | Slain by a wyvern
  8784 | D:8      | Reached skill level 4 in Spellcasting
  9268 | D:8      | Found a sparkling altar of Nemelex Xobeh.
  9277 | D:8      | Found a radiant altar of Vehumet.
  9310 | D:9      | Reached skill level 8 in Translocations
  9516 | D:9      | Found an opulent altar of Gozag.
  9517 | D:9      | Found a hide-covered altar of Uskayaw.
  9517 | D:9      | Found a burning altar of Makhleb.
  9520 | D:9      | Became a worshipper of Gozag Ym Sagoz the Greedy
  9826 | D:9      | Noticed a two-headed ogre
  9842 | D:9      | Killed a two-headed ogre
  9843 | D:9      | Reached skill level 5 in Fighting
  9843 | D:9      | Reached skill level 7 in Dodging
  9843 | D:9      | Reached skill level 1 in Evocations
  9996 | D:9      | Found a white marble altar of Elyvilon.
 10156 | D:9      | Found a stormy altar of Qazlal.
 10306 | D:10     | Entered Level 10 of the Dungeon
 10338 | D:10     | Noticed Urug
 10345 | D:10     | Killed Urug
 10346 | D:10     | Reached skill level 7 in Stealth
 10346 | D:10     | Reached skill level 6 in Summonings
 10496 | D:10     | Noticed a death yak
 10496 | D:10     | Noticed a death yak
 10779 | D:10     | Found a staircase to the Lair.
 10779 | D:10     | Noticed a death yak
 10817 | D:10     | Noticed a nameless horror
 10825 | D:9      | Killed a nameless horror
 10952 | D:9      | HP: 4/44 [poisoned by a killer bee]
 11127 | D:10     | Killed a death yak
 11128 | D:10     | Reached skill level 8 in Shapeshifting
 11128 | D:10     | Reached XP level 11. HP: 28/48 MP: 13/18
 11231 | D:10     | Noticed a two-headed ogre
 11445 | D:11     | Found a staircase to the Orcish Mines.
 11463 | D:11     | Reached skill level 9 in Translocations
 11776 | D:11     | Slain by an orc warrior
 11810 | D:11     | Reached skill level 2 in Evocations
 11967 | D:11     | Noticed a two-headed ogre
 11981 | D:11     | Noticed a two-headed ogre
 12026 | D:11     | Reached skill level 8 in Unarmed Combat
 12027 | D:11     | Killed a two-headed ogre
 12604 | D:11     | Mangled by a cyclops

Vanquished Creatures
  A two-headed ogre (D:9)
  Urug (D:10)
  A cyclops (D:11)
  A manticore (D:11)
  Psyche (D:8)
  2 nameless horrors
  Sigmund (D:3)
  A shadow (D:11)
  7 yaks
  7 humans (D:8)
  A wyvern (D:8)
  2 steam dragons (D:9)
  An acid dragon (D:9)
  A water moccasin (D:6)
  Duvessa (D:6)
  An ice beast (D:6)
  5 orc warriors
  3 black bears
  2 ogres
  A phantom (D:5)
  3 centaurs
  5 kobold brigands
  4 bullfrogs
  A gnoll sergeant (D:11)
  A scorpion (D:4)
  2 water moccasin zombies (Ossuary)
  6 wights
  Dowan (D:6)
  2 killer bees
  A howler monkey (D:5)
  6 hounds
  A centaur zombie (D:7)
  A gnoll bouda (D:5)
  3 orc priests
  2 jellies
  3 sleepcaps
  Jessica (D:8)
  3 iguanas
  7 orc wizards
  2 killer bee zombies (D:7)
  2 mummies (Ossuary)
  Robin (D:3)
  2 howler monkey zombies (D:7)
  9 gnolls
  6 adders
  A white imp (D:7)
  4 adder zombies (Ossuary)
  3 worms
  A dart slug (D:5)
  43 orcs
  7 endoplasms
  5 giant cockroaches
  2 gnoll zombies (Ossuary)
  17 goblins
  8 hobgoblins
  6 jackals
  24 kobolds
  4 quokkas
  7 ball pythons
  5 bats
  9 frilled lizards
  3 hobgoblin zombies (Ossuary)
  3 kobold zombies (Ossuary)
  6 orc zombies (Ossuary)
  5 rats
279 creatures vanquished.

Vanquished Creatures (collateral kills)
  A two-headed ogre (D:11)
  A death yak (D:10)
  2 trolls (D:11)
  A nameless horror (D:9)
5 creatures vanquished.

Vanquished Creatures (others)
  2 snaplasher vines (D:11)
2 creatures vanquished.

Grand Total: 286 creatures vanquished

Table legend: (Time is in decaauts)
 A = Elapsed time spent in this place.
 B = Non-inter-level travel time spent in this place.
 C = Inter-level travel time spent in this place.
 D = Time resting spent in this place.
 E = Time spent auto-exploring this place.
 F = Levels seen in this place.
 G = Mean time per level.
                   A        B        C        D        E       F      G
               +--------+--------+--------+--------+--------+-----+--------+
         Total |  11194 |  10978 |    216 |   2102 |   6442 |  13 |  861.1 |
       Dungeon |  10986 |  10770 |    216 |   2102 |   6328 |  11 |  998.7 |
        Temple |      1 |      1 |      0 |      0 |      0 |   1 |    1.0 |
       Ossuary |    205 |    205 |      0 |      0 |    114 |   1 |  205.0 |
               +--------+--------+--------+--------+--------+-----+--------+

Top non-repeatable levels by time:
     D:7: 1449 daAuts
    D:11: 1229 daAuts
     D:5: 1216 daAuts
     D:9: 1196 daAuts
     D:8: 1149 daAuts
     D:3: 1049 daAuts
     D:6: 977 daAuts
     D:4: 929 daAuts
     D:2: 772 daAuts
    D:10: 597 daAuts
     D:1: 417 daAuts
 Ossuary: 205 daAuts
  Temple: 1 daAuts

Table legend:
 A = Non-vault XP
 B = Vault XP
 C = Vault XP percentage of total XP
 D = Non-vault monster count
 E = Vault monster count
 F = Vault count percentage of total count
                 A         B        C        D         E       F
            +---------+---------+-------+---------+---------+-------
      Total |    8452 |    6451 |  43.3 |     191 |      90 |  32.0
            +---------+---------+-------+---------+---------+-------
        D:1 |      21 |       0 |   0.0 |      13 |       0 |   0.0
        D:2 |      87 |       0 |   0.0 |      20 |       0 |   0.0
        D:3 |     138 |     269 |  66.1 |      23 |      20 |  46.5
        D:4 |     534 |       0 |   0.0 |      30 |       0 |   0.0
        D:5 |     490 |     126 |  20.5 |      22 |       1 |   4.3
        D:6 |     520 |     201 |  27.9 |       6 |       2 |  25.0
        D:7 |     763 |     279 |  26.8 |      18 |       7 |  28.0
        D:8 |     906 |    3071 |  77.2 |      27 |      21 |  43.8
        D:9 |    1980 |       0 |   0.0 |      23 |       0 |   0.0
       D:10 |     108 |    1611 |  93.7 |       1 |       2 |  66.7
       D:11 |    2905 |     663 |  18.6 |       8 |      15 |  65.2
    Ossuary |       0 |     231 | 100.0 |       0 |      22 | 100.0
            +---------+---------+-------+---------+---------+-------
